 Dungeon Crawl Stone Soup version 0.21.1-1-g345015f (webtiles) character file.

42120 HerrDoktor the Fencer (level 13, 0/125 HPs)
             Began as a Minotaur Berserker on June 27, 2018.
             Was a High Priest of Trog.
             Killed from afar by a shock serpent (16 damage)
             ... with a bolt of electricity
             ... on level 1 of the Snake Pit on July 8, 2018.
             The game lasted 01:25:00 (17278 turns).

HerrDoktor the Fencer (Minotaur Berserker)         Turns: 17278, Time: 01:25:01

Health: 0/125      AC: 25    Str: 23    XL:     13   Next: 83%
Magic:  22/22      EV: 16    Int:  9    God:    Trog [*****.]
Gold:   705        SH:  3    Dex: 14    Spells: 12/12 levels left

rFire    x . .     SeeInvis .   g - +0 long sword
rCold    + + +     Gourm    .   (no shield)
rNeg     . . .     Faith    .   X - +1 ice dragon scales
rPois    +         Spirit   .   v - +3 hat of Pondering {ponderous, MR+ MP+10 Int+5}
rElec    .         Reflect  +   I - +2 cloak {rPois}
rCorr    .         Harm     .   l - +0 pair of gloves
MR       +....                  H - +0 pair of boots
Stlth    ..........             Q - +3 amulet of reflection
HPRegen  0.30/turn              V - ring of poison resistance
MPRegen  0.18/turn              U - ring of protection from cold

@: very slightly contaminated, slow
A: retaliatory headbutt, horns 2
a: Berserk, Trog's Hand, Brothers in Arms, Burn Spellbooks, Renounce Religion


You were on level 1 of the Snake Pit.
You worshipped Trog.
Trog was extremely pleased with you.
You were not hungry.

You visited 3 branches of the dungeon, and saw 16 of its levels.
You also visited: Ossuary.

You collected 808 gold pieces.
You spent 103 gold pieces at shops.

Inventory:

Hand Weapons
 g - a +0 long sword (weapon)
 S - a +1 great sword
Missiles
 d - 423 stones (quivered)
 e - 4 throwing nets
Armour
 f - a +0 scale mail of magic resistance
 l - a +0 pair of gloves (worn)
 v - the +3 hat of Pondering (worn) {ponderous, MR+ MP+10 Int+5}
   (You took it off Gastronok on level 8 of the Dungeon)

   It affects your intelligence (+5).
   It affects your resistance to hostile enchantments.
   It affects your magic capacity (+10).
 H - a +0 pair of boots (worn)
 I - a +2 cloak of poison resistance (worn)
 X - +1 ice dragon scales (worn)
Jewellery
 h - an uncursed amulet of rage
 O - an uncursed ring of protection from fire
 P - an uncursed ring of see invisible
 Q - a +3 amulet of reflection (around neck)
 U - a ring of protection from cold (right hand)
 V - a ring of poison resistance (left hand)
 Y - an uncursed amulet of harm {unknown}
Wands
 b - a wand of scattershot (3)
 D - a wand of iceblast (4)
 F - a wand of digging (19)
 N - a wand of acid (6)
 W - a wand of enslavement (16)
Scrolls
 x - a scroll of magic mapping
 y - 8 scrolls of teleportation
 z - 4 scrolls of remove curse
 A - 3 scrolls of fear
 E - a scroll of fog
Potions
 i - 2 potions of heal wounds
 j - 3 potions of ambrosia
 k - 4 potions of lignification
 m - 8 potions of curing
 n - 2 potions of resistance
 o - 5 potions of agility
 p - a potion of invisibility {unknown}
 q - 2 potions of flight
 r - 4 potions of brilliance
 s - 3 potions of mutation
 t - 2 potions of haste
 C - 2 potions of might
 T - a potion of magic {unknown}
Comestibles
 c - 32 rations


   Skills:
 * Level 14.5 Fighting
 + Level 16.7 Long Blades
 + Level 0.2 Throwing
 * Level 13.6 Armour
 * Level 10.4 Dodging
 + Level 2.0 Stealth
 + Level 0.1 Evocations


You had 12 spell levels left.
You didn't know any spells.

Dungeon Overview and Level Annotations

Branches:
Dungeon (11/15)            Temple (0/1) D:7            Lair (4/6) D:11
 Shoals (0/4) Lair:4        Snake (1/4) Lair:4          Orc (0/2) D:9

Altars:
Ashenzari
Dithmenos
Fedhas
Gozag
Makhleb
Sif Muna
Vehumet
Yredelemnul
The Shining One

Shops:
D:9 [[   D:10 [

Annotations:
Lair:2 exclusion: ice statue


Innate Abilities, Weirdness & Mutations

You reflexively headbutt those who attack you in melee.
You have a pair of horns on your head.


Message History

You hit the shock serpent but do no damage.
The shock serpent bites you but does no damage.
You miss the shock serpent. You headbutt the shock serpent.
The shock serpent is lightly wounded.
The shock serpent bites you but does no damage.
You slash the shock serpent! You headbutt the shock serpent.
The shock serpent is moderately wounded.
The shock serpent's electric aura discharges, shocking you!
* * * LOW HITPOINT WARNING * * *
The shock serpent bites you but does no damage.
You closely miss the shock serpent. Your headbutt misses the shock serpent.
The shock serpent is moderately wounded.
The shock serpent shoots out a bolt of lightning at you!
The bolt of electricity hits you!
* * * LOW HITPOINT WARNING * * *
You hit the shock serpent. You headbutt the shock serpent.
The shock serpent is heavily wounded.
The shock serpent shoots out a bolt of lightning at you!
The bolt of electricity hits you!
You die...

. ### ##...# .#
##### ##..###
..####...# ##.###
#.#..##.## ##)##
#...#.##.## ##.##
##..######(## #.)#
.....# ##(.# ##.##
###..####.(## ##..#
###..(.#(...####@..#
..}.......#.##.S..##
...........##...###
.....#.###.#..###
...........NN..#
...............##
##>....###......#
................#
................##


You could see a nagaraja, a shock serpent and a naga.

Vanquished Creatures
  Gastronok (D:8)
  The ghost of sking99 the Bludgeoner, a journeyman MiFi of Makhleb (D:11)
  A naga warrior (Snake:1)
  2 hydras
  Harold (D:10)
  An ice dragon (Lair:2)
  A centaur warrior (D:9)
  2 two-headed ogres
  An anaconda (Snake:1)
  2 naga sharpshooters (Snake:1)
  An unseen horror (D:11)
  Pikel (D:3)
  An ugly thing (D:11)
  A deep elf mage (D:8)
  2 salamanders (Snake:1)
  A cyclops (D:11)
  2 merfolk sirens (Lair:4)
  6 black mambas
  3 elephants (Lair:2)
  Psyche (D:8)
  A guardian serpent (Snake:1)
  A naga mage (Snake:1)
  2 gargoyles
  10 spiny frogs
  3 komodo dragons
  A freezing wraith (D:9)
  2 merfolk (Lair:4)
  A queen bee (D:9)
  A troll (D:9)
  3 polar bears
  10 blink frogs
  4 hippogriffs
  A shadow (D:9)
  A basilisk (Lair:4)
  A wyvern (D:10)
  A wraith (D:11)
  Eustachio (D:5)
  A hungry ghost (D:8)
  27 yaks
  A steam dragon (D:5)
  7 nagas
  3 water moccasins
  11 porcupines
  A hornet zombie (D:5)
  6 orc warriors
  9 ice beasts
  2 phantoms
  4 sky beasts
  A black bear (D:8)
  2 wolves (Lair:1)
  10 ogres
  5 crocodiles
  6 centaurs
  A big kobold (D:10)
  13 bullfrogs
  A gnoll sergeant (D:11)
  7 water moccasin zombies
  A scorpion (D:5)
  14 killer bees
  11 wights
  7 howler monkeys
  4 jellies
  3 crimson imps
  A quasit (D:9)
  2 bullfrog zombies
  4 centaur zombies
  A bullfrog skeleton (D:6)
  7 hounds
  6 orc priests
  3 centaur skeletons
  5 iguanas
  8 worker ants
  15 orc wizards
  A killer bee zombie (D:5)
  3 big kobold zombies (Ossuary)
  2 mummies (Ossuary)
  2 hound skeletons
  10 gnolls
  10 adders
  A hound simulacrum (D:9)
  A shadow imp (D:5)
  4 white imps (Lair:2)
  An ooze (D:5)
  2 adder skeletons (D:4)
  7 adder zombies
  2 worms
  A dart slug (D:1)
  5 leopard geckos
  40 orcs
  A ball python (D:2)
  11 bats
  5 giant cockroaches
  4 goblins
  10 hobgoblins
  22 jackals
  12 kobolds
  5 quokkas
  2 frilled lizards
  A gnoll zombie (Ossuary)
  3 goblin skeletons (D:6)
  A goblin zombie (D:6)
  6 hobgoblin zombies
  A jackal zombie (D:5)
  A kobold skeleton (D:6)
  8 kobold zombies
  6 orc zombies (Ossuary)
  3 rats
  2 rat zombies (D:5)
482 creatures vanquished.

Vanquished Creatures (others)
  2 slaves
  A hound (D:5)
  2 orcs (D:5)
  4 fungi
  14 plants
23 creatures vanquished.

Grand Total: 505 creatures vanquished

Notes
Turn   | Place    | Note
-------+----------+-------------------------------------------
     0 | D:1      | HerrDoktor the Minotaur Berserker began the quest for the Orb.
     0 | D:1      | Reached XP level 1. HP: 19/19 MP: 0/0
    86 | D:1      | Reached skill level 4 in Long Blades
    99 | D:1      | Reached XP level 2. HP: 24/27 MP: 1/1
   857 | D:2      | Reached XP level 3. HP: 34/34 MP: 2/2
   949 | D:2      | Found a deep blue altar of Sif Muna.
   959 | D:2      | Found a shattered altar of Ashenzari.
  1135 | D:2      | Reached XP level 4. HP: 41/41 MP: 3/3
  1207 | D:2      | Reached ** piety under Trog
  1535 | D:3      | Noticed a bullfrog
  1545 | D:3      | Killed a bullfrog
  1545 | D:3      | Reached skill level 5 in Fighting
  1545 | D:3      | Reached skill level 5 in Long Blades
  1545 | D:3      | Reached XP level 5. HP: 36/48 MP: 4/4
  2419 | D:4      | Noticed Pikel
  2419 | D:4      | Noticed a slave
  2419 | D:4      | Noticed a slave
  2419 | D:4      | Noticed a slave
  2419 | D:4      | Noticed a slave
  2419 | D:4      | Noticed a phantom
  2436 | D:3      | Killed Pikel
  2436 | D:3      | Reached skill level 7 in Long Blades
  2436 | D:3      | Reached XP level 6. HP: 57/57 MP: 5/5
  2436 | D:3      | Reached XP level 7. HP: 62/62 MP: 6/6
  2488 | D:4      | Reached skill level 5 in Armour
  2794 | D:4      | Reached skill level 8 in Long Blades
  2908 | D:4      | Reached *** piety under Trog
  2917 | D:4      | Reached XP level 8. HP: 66/70 MP: 7/7
  2927 | D:4      | Got a faintly glowing plate armour
  2937 | D:4      | Found a shadowy altar of Dithmenos.
  3239 | D:5      | Entered Level 5 of the Dungeon
  3313 | D:5      | Reached skill level 9 in Long Blades
  3409 | D:5      | Noticed Eustachio
  3428 | D:5      | Killed Eustachio
  3468 | D:5      | Found a sand-covered staircase.
  3476 | Ossuary  | Entered an ossuary
  3720 | Ossuary  | Reached skill level 10 in Long Blades
  3763 | Ossuary  | Reached **** piety under Trog
  4096 | D:5      | Reached XP level 9. HP: 62/79 MP: 8/8
  4201 | D:5      | Reached skill level 5 in Dodging
  4836 | D:5      | Found a basalt altar of Yredelemnul.
  5128 | D:5      | Reached skill level 11 in Long Blades
  5128 | D:5      | Reached skill level 1 in Stealth
  5454 | D:6      | Found a glowing golden altar of the Shining One.
  6017 | D:6      | Reached ***** piety under Trog
  6049 | D:6      | Found a burning altar of Makhleb.
  6052 | D:6      | Found a blossoming altar of Fedhas.
  6055 | D:6      | Found a radiant altar of Vehumet.
  6462 | D:6      | You fall through a shaft for 2 floors!
  6912 | D:8      | Noticed Psyche
  6918 | D:8      | Paralysed by Psyche for 6 turns
  6926 | D:8      | Killed Psyche
  6926 | D:8      | Reached skill level 12 in Long Blades
  6926 | D:8      | Reached XP level 10. HP: 70/90 MP: 9/9
  7177 | D:8      | Noticed a two-headed ogre
  7190 | D:8      | Killed a two-headed ogre
  7355 | D:8      | Noticed Gastronok
  7590 | D:7      | Found a staircase to the Ecumenical Temple.
  7592 | D:7      | Received a gift from Trog
  8334 | D:7      | You fall through a shaft!
  8764 | D:8      | Noticed a deep elf mage
  8788 | D:8      | Killed a deep elf mage
  8788 | D:8      | Reached skill level 13 in Long Blades
  8887 | D:8      | Killed Gastronok
  9136 | D:9      | Reached XP level 11. HP: 99/99 MP: 10/10
  9176 | D:9      | Noticed a centaur warrior
  9184 | D:9      | Reached skill level 10 in Fighting
  9197 | D:9      | Killed a centaur warrior
  9275 | D:9      | Noticed an eight-headed hydra
  9289 | D:9      | Killed a 14-headed hydra
  9289 | D:9      | Reached skill level 14 in Long Blades
  9289 | D:9      | Reached skill level 10 in Armour
  9609 | D:9      | Found the -2 hat of the Alchemist {rElec rPois rF+ rC+ rN+ MR+ rMut rCorr}
  9826 | D:9      | Found Acser's Armour Emporium.
  9972 | D:9      | Found an opulent altar of Gozag.
 10148 | D:9      | Found Erisaat's Armour Emporium.
 10155 | D:9      | Found a staircase to the Orcish Mines.
 10642 | D:10     | Entered Level 10 of the Dungeon
 10652 | D:9      | Received a gift from Trog
 11068 | D:10     | Found Loirilit's Antique Armour Shoppe.
 11083 | D:10     | Bought a pair of gloves for 103 gold pieces
 11511 | D:11     | Noticed a two-headed ogre
 11525 | D:11     | Killed a two-headed ogre
 11629 | D:11     | Reached XP level 12. HP: 74/112 MP: 11/11
 11734 | D:11     | Noticed Harold
 11795 | D:10     | Killed Harold
 11884 | D:11     | Found a staircase to the Lair.
 11918 | D:11     | Got a shimmering rapier
 11995 | D:11     | Received a gift from Trog
 12731 | D:11     | Noticed sking99's ghost (journeyman MiFi)
 12746 | D:11     | Killed sking99's ghost
 12854 | Lair:1   | Entered Level 1 of the Lair of Beasts
 12854 | Lair:1   | Noticed a five-headed hydra
 12868 | D:11     | Killed an eight-headed hydra
 13957 | Lair:2   | Reached skill level 15 in Long Blades
 14193 | Lair:2   | Received a gift from Trog
 14377 | Lair:2   | Reached XP level 13. HP: 112/122 MP: 12/12
 15252 | Lair:3   | Reached skill level 16 in Long Blades
 15252 | Lair:3   | Reached skill level 10 in Dodging
 16013 | Lair:4   | Found a staircase to the Snake Pit.
 16076 | Lair:4   | Received a gift from Trog
 16424 | Lair:4   | Found a staircase to the Shoals.
 16544 | Snake:1  | Entered Level 1 of the Snake Pit
 17246 | Snake:1  | Noticed a nagaraja
 17278 | Snake:1  | Killed from afar by a shock serpent

Skill      XL: |  1  2  3  4  5  6  7  8  9 10 11 12 13 |
---------------+----------------------------------------+-----
Long Blades    | 4 5 7 8 10 12 13 14 15 16 | 16.7
Fighting       | 4 5 6 7 8 9 11 13 14 | 14.5
Armour         | 3 4 5 6 7 9 11 12 13 | 13.6
Dodging        | 3 4 6 7 8 9 10 | 10.4
Stealth        | 1 2 |  2.0
Throwing       | |  0.2
Evocations     | |  0.1

Action                   |  1- 3 |  4- 6 |  7- 9 | 10-12 | 13-15 || total
-------------------------+-------+-------+-------+-------+-------++-------
Melee: Falchion          |    67 |    76 |   412 |   554 |       ||  1109
       Headbutt          |     9 |     8 |   100 |   201 |    84 ||   402
       Great sword       |       |       |       |   160 |   220 ||   380
       Long sword        |       |       |       |       |    55 ||    55
Throw: Stone             |       |     2 |     1 |       |       ||     3
       Tomahawk          |       |     1 |       |       |       ||     1
Invok: Berserk           |       |     1 |    13 |    17 |     2 ||    33
       Burn Spellbooks   |       |       |       |     3 |     1 ||     4
Evoke: Wand              |       |       |       |     3 |     2 ||     5
  Use: Scroll            |     1 |     7 |     5 |     5 |     7 ||    25
       Potion            |       |       |     4 |     3 |     4 ||    11
 Stab: Sleeping          |     1 |       |     1 |       |       ||     2
  Eat: Chunk             |       |     5 |    17 |    35 |    10 ||    67
       Ration            |       |       |     3 |     2 |     1 ||     6
Armor: Animal skin       |    17 |       |       |       |       ||    17
       Scale mail        |    17 |    28 |    56 |   103 |       ||   204
       Leather armour    |       |       |    27 |       |       ||    27
       Steam dragon scal |       |       |    29 |       |       ||    29
       Chain mail        |       |       |       |   222 |     9 ||   231
       Ice dragon scales |       |       |       |       |   131 ||   131
Dodge: Dodged            |    46 |    44 |   203 |   368 |   162 ||   823
Block: Other             |       |       |       |       |    26 ||    26
       Reflection        |       |       |       |       |     6 ||     6
       Rpst.: Falchion   |     8 |     9 |    49 |    73 |       ||   139
       Great sword       |       |       |       |    36 |    26 ||    62
       Long sword        |       |       |       |       |     8 ||     8
